AoeStats
← Ambicia

Arena

508026859Analyzed
1v1 RM · 12d ago on Sep 20, 2026· 22m 4s· 2 players
Game mode
Random Map
Map size
Tiny (2 player)
Population
200
Speed
Normal
Resources
Standard
Victory
Conquest
Starting age
Dark Age
Ending age
Imperial Age
RankedLock teamsTeams togetherTeam positionsShared explorationLock speedFull tech treeHidden civsTurbo modeCheats
Victory
Defeat
🇩🇪 Koreans · Germany
861
+15
🇺🇦 Koreans · Ukraine
842
-15
Ambicia
11:06 Feudal Age
11:46 Stone Mining
11:43 Double-Bit Axe
17:09 Castle Age
15:47 Fletching
16:19 Horse Collar
19:48 Stone Shaft Mining
xxxDonPabloxxx
10:44 Feudal Age
15:19 Castle Age
13:34 Double-Bit Axe
13:42 Horse Collar
15:10 Loom
Connection lost

Rejoining the realm…

Still unreachable

The connection could not be restored.

Session expired

The server has moved on; the page needs a fresh start.